Cogmind - Beta 9.2 @@@ ROGUE MODE // 2019.12.14 @ 18:03:07 Player: Hurtplug Result: Destroyed by G-34 Mercenary with Small Laser Performance ------------- Evolutions (0) 0 Regions Visited (1) 200 Robots Destroyed (19) 95 Value Destroyed (621) 621 Prototype IDs (0) 0 Alien Tech Used (0) 0 Bonus (0) 0 TOTAL SCORE: 916 Bonus ------- None Cogmind --------- Core Integrity 0/250 Matter 290/300 Energy 90/125 System Corruption 0% Temperature Cool (96) Movement Walking (150) Ox1 Location -10/Materials Parts ------- > --- POWER (1) -------- Light Ion Engine > --- PROPULSION (2) --- Aluminum Leg Aluminum Leg > --- UTILITY (2) ------ Large Storage Unit Large Storage Unit > --- WEAPON (2) ------- EM Pulse Gun EM Pulse Gun > --- INVENTORY (16) --- Light Ion Engine Light Treads Aluminum Leg Aluminum Leg Heat Sink Heat Sink Large Matter Pod (150) High-capacity Matter Pod (154) Visual Processing Unit Sensor Array Sensor Array Signal Interpreter Beam Cannon Beam Cannon Assault Rifle Grenade Launcher Peak State ------------ > --- POWER ------------ Light Nuclear Core > --- PROPULSION ------- Aluminum Leg Aluminum Leg > --- UTILITY ---------- Large Storage Unit Signal Interpreter > --- WEAPON ----------- Small Laser Assault Rifle > --- INVENTORY -------- Light Ion Engine Light Ion Engine Light Treads Aluminum Leg Aluminum Leg Heat Sink Large Storage Unit Large Matter Pod Sensor Array Signal Interpreter [Rating: 10] Favorites ----------- Power Light Ion Engine Engine Light Ion Engine Power Core Light Nuclear Core Propulsion Aluminum Leg Leg Aluminum Leg Utility Large Storage Unit Storage Large Storage Unit Processor Signal Interpreter Weapon Assault Rifle Energy Gun EM Pulse Gun Energy Cannon Beam Cannon Ballistic Gun Assault Rifle Special Weapon Mining Laser Build | -11 -10 ------- Run | Scr Mat Slots Evolved . | . . Power . | . . Propulsion . | . . Utility . | . . Weapon . | . . Parts Attached 31 | 6 25 Power 4 | 1 3 Engine 3 | 1 2 Core 1 | . 1 Reactor . | . . Propulsion 11 | 2 9 Treads . | . . Leg 11 | 2 9 Wheel . | . . Hover . | . . Flight . | . . Utility 4 | 1 3 Device . | . . Storage 3 | 1 2 Processor 1 | . 1 Hackware . | . . Protection . | . . Artifact . | . . Weapon 12 | 2 10 Energy Gun 6 | . 6 Energy Cannon 1 | . 1 Ballistic Gun 4 | 2 2 Ballistic Cannon . | . . Launcher . | . . Special Weapon 1 | . 1 Impact Weapon . | . . Slashing Weapon . | . . Piercing Weapon . | . . Special Melee Weapon . | . . Unidentified Prototypes . | . . Parts Lost 6 | . 6 Power . | . . Propulsion 2 | . 2 Utility . | . . Weapon 4 | . 4 Highest Loss Streak 2 | . 2 Average Slot Usage (%) 97 | . 97 Engine 11 | . 11 Core 2 | . 2 Leg 27 | . 27 Storage 24 | . 24 Processor 2 | . 2 Energy Gun 13 | . 13 Ballistic Gun 10 | . 10 Special Weapon 1 | . 1 Naked Turns . | . . Heaviest Build 40 | 11 40 Greatest Support 20 | 20 20 Greatest Overweight (x) 12 | 2 12 Average Overweight (x) . | . . Largest Inventory Capacity 16 | 6 16 Average Capacity 13 | 5 14 Most Carried 16 | 5 16 Average Carried 11 | 2 12 Final Capacity 16 | 6 16 Final Carried 16 | 4 16 Class Distribution -------------------- 100% | Mutant Dominant Class ---------------- Mutant | -10/Materials Resources | -11 -10 ----------- Run | Scr Mat Matter Collected 1035 | 199 836 Remotely . | . . Salvage Created 749 | . 749 Parts 34 | . 34 Haulers Intercepted . | . . Recyclers Shooed . | . . Parts Field Recycled . | . . Retrieved Matter . | . . Parts Self-Destructed . | . . Prevented . | . . Kills | -11 -10 ------- Run | Scr Mat Combat Hostiles Destroyed 15 | . 15 Guns 12 | . 12 Cannons 2 | . 2 Classes Destroyed 3 | . 3 Worker 1 | . 1 Watcher 3 | . 3 Grunt 15 | . 15 Best Kill Streak 3 | . 3 Combat Bots Only 3 | . 3 Max Kills in Single Turn 2 | . 2 Gunslinging . | . . Exploded . | . . Melee . | . . Uniques/NPCs Destroyed . | . . Combat | -11 -10 -------- Run | Scr Mat Damage Taken 1058 | . 1058 Core 255 | . 255 Absorbed by Shields . | . . Core Remaining (%) 100 | 100 . Volleys Fired 74 | . 74 Largest 2 | . 2 Hottest 80 | . 80 Shots Fired 145 | . 145 Gun 143 | . 143 Cannon 2 | . 2 Launcher . | . . Special . | . . Kinetic 87 | . 87 Thermal 16 | . 16 Explosive . | . . Electromagnetic 42 | . 42 Robot Hit Streak 12 | . 12 Robot Miss Streak 3 | . 3 Penetration Max . | . . Secondary Targets . | . . Shots Hit Robots 98 | . 98 Core Hits 35 | . 35 Critical Hits . | . . Critical Kills . | . . Critical Parts Destroyed . | . . Melee Attacks . | . . Impact . | . . Slashing . | . . Piercing . | . . Sneak Attacks . | . . Combat Hostiles . | . . Follow-up Attacks . | . . Damage Inflicted 1235 | . 1235 Guns 1200 | . 1200 Cannons 35 | . 35 Explosions . | . . Melee . | . . Ramming . | . . Kinetic 665 | . 665 Thermal 131 | . 131 Explosive . | . . Electromagnetic 439 | . 439 Impact . | . . Slashing . | . . Piercing . | . . Highest Corruption . | . . Average Corruption . | . . Corruption Purged . | . . Overload Shots . | . . Overflow Damage . | . . Projectiles . | . . Explosions . | . . Melee . | . . Knockbacks . | . . Impact . | . . Kinetic . | . . Secondary . | . . Self-Inflicted Damage . | . . Shots . | . . Rammed . | . . Targets Rammed . | . . Kicked . | . . Crushed . | . . Highest Temperature 144 | . 144 Average Temperature 44 | . 44 Received Heat Transfer 591 | . 591 Siege Activations . | . . Robots Corrupted 1 | . 1 Combat Hostiles 1 | . 1 Parts Fried 2 | . 2 Impact Corruptions . | . . Robots Melted . | . . Combat Hostiles . | . . Parts Melted 1 | . 1 Heat Transferred 299 | . 299 Parts Sabotaged . | . . Parts Stolen . | . . Parts Stripped . | . . Power Chain Reactions . | . . Missiles Intercepted . | . . Alert | -11 -10 ------- Run | Scr Mat Peak Influence 220 | . 220 Average Influence 56 | . 58 Maximum Alert Level 1 | . 1 Low Security (%) 97 | 100 96 Level 1 2 | . 3 Level 2 . | . . Level 3 . | . . Level 4 . | . . Level 5 . | . . High Security . | . . Max Security . | . . Squads Dispatched 6 | . 6 Investigation 4 | . 4 Extermination . | . . Reinforcement 2 | . 2 Assault . | . . Garrison . | . . Intercept . | . . Construction Impeded . | . . Haulers Reinforced . | . . Stealth | -11 -10 --------- Run | Scr Mat Distress Signals 1 | . 1 Communications Jammed . | . . Distress Signals . | . . Times Spotted 27 | . 27 Peak Tracking Total 4 | . 4 Tactical Retreats 3 | . 3 Traps | -11 -10 ------- Run | Scr Mat Traps Triggered 5 | . 5 Indirectly . | . . Trap Hack Attempts . | . . Triggered . | . . Disarmed . | . . Reprogrammed . | . . Reused . | . . Traps Extracted . | . . Installed . | . . Triggered . | . . Machines | -11 -10 ---------- Run | Scr Mat Machines Disabled 1 | . 1 Max in Single Turn 1 | . 1 Machines Sabotaged . | . . Garrisons Compromised . | . . Overloaded Fab Kills . | . . Fab Network Shutdowns . | . . Hacking | -11 -10 --------- Run | Scr Mat Machines Accessed 7 | . 7 Terminals 4 | . 4 Fabricators . | . . Repair Stations 1 | . 1 Recycling Units 2 | . 2 Scanalyzers . | . . Garrison Access . | . . Total Hacks 19 | . 19 Successful 17 | . 17 Failed 2 | . 2 Catastrophic . | . . Database Lockouts . | . . Manual . | . . Terminals 9 | . 9 Fabricators . | . . Repair Stations 7 | . 7 Recycling Units 3 | . 3 Scanalyzers . | . . Garrison Access . | . . Terminal Hacks 7 | . 7 Record 2 | . 2 Branch Access Points 1 | . 1 Alert Level 2 | . 2 Locate Traps 1 | . 1 Dispatch Records 1 | . 1 Fabricator Hacks . | . . Repair Station Hacks 7 | . 7 Scan Component 4 | . 4 Repair 3 | . 3 Recycling Unit Hacks 3 | . 3 Report Inventory 2 | . 2 Retrieve Components 1 | . 1 Scanalyzer . | . . Garrison Access Hacks . | . . Unauthorized Hacks . | . . Terminals . | . . Fabricators . | . . Repair Stations . | . . Recycling Units . | . . Scanalyzers . | . . Garrison Access . | . . Data Cores Recovered . | . . Used . | . . Hacking Detections 3 | . 3 Full Trace Events 1 | . 1 Feedback Events . | . . Feedback Blocked . | . . Robot Schematics Acquired . | . . Robots Built . | . . Matter . | . . Time . | . . Total Robot Build Rating . | . . Part Schematics Acquired . | . . Parts Built . | . . Matter . | . . Time . | . . Total Part Build Rating . | . . Parts Repaired 3 | . 3 Time 78 | . 78 Parts Recycled . | . . Recycled Matter . | . . Retrieved Matter . | . . Retrieved Components 9 | . 9 Parts Scanalyzed . | . . Part Schematics Acquired . | . . Parts Damaged . | . . Bothacking | -11 -10 ------------ Run | Scr Mat Used RIF Installer . | . . Robots Hacked . | . . Non-combat . | . . Combat . | . . Robot Hacks Applied . | . . Relay Couplers Released . | . . Robots Rewired . | . . Allies Hacked . | . . Hacks Repelled . | . . Allies | -11 -10 -------- Run | Scr Mat Total Allies . | . . Largest Group . | . . Highest-Rated Group . | . . Highest-Rated Ally . | . . Total Orders . | . . Ally Attacks . | . . Total Damage . | . . Kills . | . . Allies Corrupted . | . . Allies Melted . | . . Intel | -11 -10 ------- Run | Scr Mat Robot Analysis Total . | . . Derelict Logs Recovered . | . . Drone Launches . | . . Drone Recoveries . | . . Exploration | -11 -10 ------------- Run | Scr Mat Turns Passed 1840 | 63 1777 Spaces Moved 930 | 43 887 Core 12 | 11 1 Treads . | . . Legs 918 | 32 886 Wheels . | . . Hover . | . . Flight . | . . Fastest Speed 50 | 50 120 Average Speed 145 | 110 147 Slowest Speed 650 | 150 650 Overloaded Moves . | . . Propulsion Burnouts . | . . Robots Hopped . | . . Cave-ins Triggered . | . . Exploration Rate (%) 50 | 4 96 Regions Visited 1 Branch Regions . Pre-discovered Areas . | . . Known Exits Taken . | . . Unknown Exits Taken 1 | 1 . Scrap Searched . | . . Spaces Dug . | . . Terrain Destroyed . | . . Melee . | . . Projectile . | . . AOE . | . . Actions | -11 -10 --------- Run | Scr Mat Total 1270 | 58 1212 Wait 189 | . 189 Move 929 | 42 887 Hop . | . . Pick Up 37 | 10 27 Fast Attach 6 | . 6 Attach 16 | 6 10 Detach . | . . Swap 9 | . 9 Drop 10 | . 10 Fire 74 | . 74 Melee . | . . Ram . | . . Kick . | . . Crush . | . . Escape Stasis . | . . Rewire . | . . Trap . | . . Miscellaneous . | . . Route ------- -11/Scrapyard -10/Materials (discovered 3 exits: [*Mat x2] / *Min) History --------- Turn | Location | Event 20 | -11/Scrapyard | Discovered new exit (range 16) 64 | -11/Scrapyard | Entered Materials 309 | -10/Materials | Build established: Mutant 575 | -10/Materials | Repaired Assault Rifle 591 | -10/Materials | Core integrity fell below 50% 697 | -10/Materials | Repaired Aluminum Leg 907 | -10/Materials | Discovered new exit (range 8) 998 | -10/Materials | Discovered new exit (range 16) 1022 | -10/Materials | Identified exit to Mines 1141 | -10/Materials | Core integrity fell below 20% 1469 | -10/Materials | Discovered new exit (range 12) 1830 | -10/Materials | Repaired Lgt. Ion Engine 1841 | -10/Materials | Destroyed by G-34 Mercenary with Small Laser Last Messages --------------- W-16 Scout destroyed. Acquired 22 matter. Acquired 14 matter. Acquired 27 matter. R-06 Scavenger collects Wheel. R-06 Scavenger collects Sensor Array. Connecting with Repair Station... >>Scan(Lgt. Ion Engine) Scanning Lgt. Ion Engine... Ready to Repair: Lgt. Ion Engine Rating: 1 Time: 26 >>Repair Repairing Lgt. Ion Engine... ETC: 26 ALERT: Suspicious activity at Repair Station M001. Dispatching Investigation squad. Repair station completes Lgt. Ion Engine repairs. Acquired Lgt. Ion Engine. Map ----- +----------------------------------------------------+ | # ## # #???????# """ #? | | # ## """ # """ #???????# """ ## | | ######### """ # """ #???????# ## | | ????????# """ # """ #???????# """ # | | ????????# # #???????# """ # | | ????????####### #???????# """ # | | ??????????? """ #???????# # | | ???????????? """ ################## | | ????????????? """ # #????????# | | ?????????????? # """ #????????# | | ????????######## # """ #????????# | | ????????# # """ # """ #????????## | | ????????#""" # """ # ########### | | ????????#""" + """ # *] + | | ????????#""" # # * ########### | | ????????# # # * #?????????# | | ????????# + ### / ########### | | ????????######### ##?# # # # | | ????????????????# #??# # # """"""" # | | ????????????????# #??# ######### """"""" # | | ??????????????###k#### # ## """"""" # | | ??????????????# # # ## """"""" # | | ??????????????# """ # # """ ## """"""" # | | ??????????????# "R" + + """ ## # | | ????########### " "g# # """ ## # | | ????# ! # g @ # # ######+##### | | ????#= # # ########### ### | | ????#=! ######## | | ????# #???#### | | ????# """ """ #???# | | ????# """ """ #???# ############### ### | | ????# """ """ #???# #?????????????## #### | | ????# #???# #??????????????# # | | ????#########+##### #??????????????# # "" | | ??????????# #??????????????# + "Y | | ??????????# #??????????????# # "" | | ??????????########+#######??????????# # | | ????????????# #??????????# # | | ????????????# """ #??????????######## | | ????????????# """ "T" #?????????????????? | | ????????????# """ """ #?????????????????? | | ????????????# #?????????????????? | | ????????????##############?????????????????? | | | | | | | | | | | | | | | +----------------------------------------------------+ Best States ------------- Heat Dissipation 25 Energy Generation 14 Energy Capacity 160 Matter Stores 300 Matter Capacity 300 Sight Range 16 Terrain Scan Density 10 Evasion (%) 40 Item Schematics ----------------- None Robot Schematics ------------------ None Fabricated ------------ Nothing Alien Tech Used ----------------- None Achievements -------------- Power Corrupts Challenges ------------ None Game ------ Seed FlakAntimissilePit Manual? 0 Play Time 00:27:55 Cumulative 4.6 hours Start 2019.12.14 @ 17:34:32 End 2019.12.14 @ 18:03:07 Sessions 1 Manual Loads 0 Difficulty Rogue Special Mode None Game No. 4 Rogue 4 Adventurer 0 Explorer 0 Win Type - Total 0 Types 0/0/0/0/0/0/0 Lore% 1 Gallery% 8 Achievement% 8 Wizard Run 0 Options --------- ASCII 0 Keyboard 0 Movement Mouse Keybinds 0 Fullscreen 1 Font 24/Proggy Map View 76x50 Tactical HUD 0 Map Filters NONE Filters NONE Steam 1 RUN: 283fa682-277f-46ee-b840-ee3c41809db8